 Dungeon Crawl Stone Soup version 0.22-a0-181-gb22368a (webtiles) character file.

2073418 Gorglomux the Warrior (level 26, 220/220 HPs)
             Began as a Demonspawn Fighter on Feb 14, 2018.
             Was the Champion of Makhleb.
             Escaped with the Orb
             ... and 3 runes!
             The game lasted 01:32:42 (47100 turns).

Gorglomux the Warrior (Demonspawn Fighter)         Turns: 47100, Time: 01:32:43

Health: 220/220    AC: 36    Str: 33      XL:     26   Next: 98%
Magic:  36/36      EV: 20    Int:  9 (10) God:    Makhleb [******]
Gold:   4324       SH: 28    Dex: 16      Spells: 25/25 levels left

rFire    + + +     SeeInvis .   a - +8 broad axe (drain)
rCold    . . .     Gourm    .   x - +3 large shield
rNeg     + + +     Faith    .   K - +10 plate armour "Opiacaze" {rN+}
rPois    +         Spirit   +   (helmet unavailable)
rElec    .         Reflect  .   y - +2 cloak
rCorr    .         Harm     .   i - +2 pair of gloves
MR       ++...     Clarity  +   (boots unavailable)
Stlth    ..........             r - amulet of regeneration
HPRegen  0.86/turn              N - ring of Isephoku {+Inv rF+ rN++ Str+4 Stlth-}
MPRegen  0.50/turn              m - ring of protection from magic

@: no status effects
A: horns 3, talons 3, blurry vision 2, clarity, fire resistance 2, hurl
damnation, poison resistance, powered by pain 3, strong 2, magic shield, magic
regeneration, magic link, flame cloud immunity, subdued magic 1, sanguine armour
3
0: Orb of Zot
}: 3/15 runes: serpentine, slimy, silver
a: Hurl Damnation, Minor Destruction, Lesser Servant of Makhleb, Major
Destruction, Greater Servant of Makhleb, Renounce Religion, Evoke Invisibility


You escaped.
You worshipped Makhleb.
Makhleb was exalted by your worship.
You were not hungry.

You visited 11 branches of the dungeon, and saw 55 of its levels.
You visited the Abyss 1 time.

You collected 6372 gold pieces.
You spent 2048 gold pieces at shops.

Inventory:

Hand Weapons
 a - a +8 broad axe of draining (weapon)
Missiles
 Z - 4 throwing nets (quivered)
Armour
 i - a +2 pair of gloves (worn)
 x - a +3 large shield (worn)
 y - a +2 cloak (worn)
 K - the +10 plate armour "Opiacaze" (worn) {rN+}
   (You bought it in a shop on level 14 of the Dungeon)

   It protects you from negative energy.
Jewellery
 g - an uncursed ring of resist corrosion
 m - a ring of protection from magic (right hand)
 r - an amulet of regeneration (around neck)
 s - an uncursed ring of see invisible
 N - the ring of Isephoku (left hand) {+Inv rF+ rN++ Str+4 Stlth-}
   (You found it on level 1 of the Realm of Zot)

   [ring of protection from fire]

   It affects your strength (+4).
   It protects you from fire.
   It greatly protects you from negative energy.
   It lets you turn invisible.
   It makes you less stealthy.
Wands
 A - a wand of acid (22)
 D - a wand of digging (60)
 E - a wand of enslavement (19)
 I - a wand of iceblast (20)
 O - a wand of clouds (12)
 P - a wand of paralysis (35)
Scrolls
 b - 5 scrolls of fear
 e - 9 scrolls of fog
 o - 2 scrolls of enchant armour
 q - 4 scrolls of immolation
 B - 14 scrolls of blinking
 C - 5 scrolls of holy word
 G - 5 scrolls of summoning
 M - 5 scrolls of magic mapping
 R - 18 scrolls of identify
 S - 36 scrolls of remove curse
 T - 15 scrolls of teleportation
Potions
 c - 3 potions of cancellation
 d - 3 potions of might
 j - 6 potions of agility
 k - a potion of haste
 p - 3 potions of invisibility
 t - 4 potions of flight
 u - 7 potions of magic
 w - 8 potions of brilliance
 z - 14 potions of lignification
 F - 7 potions of heal wounds
 H - 4 potions of berserk rage
 J - 3 potions of ambrosia
 L - 2 potions of resistance
 Q - 15 potions of curing
Miscellaneous
 U - 6 boxes of beasts
 V - 3 phantom mirrors
 W - a sack of spiders
 X - a phial of floods
 Y - a lamp of fire
Comestibles
 f - 86 rations


   Skills:
 + Level 20.7 Fighting
 - Level 18.0 Axes
 + Level 19.3 Armour
 + Level 19.2 Dodging
 + Level 19.4 Shields
 + Level 19.5 Invocations
 - Level 6.0 Evocations


You had 25 spell levels left.
You didn't know any spells.

Dungeon Overview and Level Annotations

Branches:
Dungeon (15/15)            Temple (1/1) D:5            Lair (6/6) D:8
 Shoals (4/4) Lair:3        Snake (4/4) Lair:3        Slime (5/5) Lair:5
    Orc (2/2) D:9             Elf (3/3) Orc:2        Vaults (5/5) D:13
  Crypt (0/3) Vaults:3     Depths (5/5) D:15            Zot (5/5) Depths:5

Altars:
Ashenzari
Cheibriados
Dithmenos
Elyvilon
Fedhas
Gozag
Kikubaaqudgha
Makhleb
Nemelex Xobeh
Okawaru
Qazlal
Ru
Sif Muna
Trog
Uskayaw
Vehumet
Wu Jian
Yredelemnul
Zin
Jiyva
Lugonu

Shops:
D:9 (   D:14 [   Orc:2 [*((   Elf:1 %   Elf:3 !   Shoals:4 [   Vaults:2 (
Depths:1 [   Depths:2 (

Portals:
Hell: Lair:6 Depths:1 Depths:2 Depths:3 Depths:4 Depths:5
Abyss: Depths:4
Pandemonium: Depths:2 Depths:3
Ziggurat: Depths:4

Annotations:
Lair:6 exclusion: ice statue
Elf:2 3 runed doors


Innate Abilities, Weirdness & Mutations

You have a pair of large horns on your head.
Your flesh is very heat resistant. (rF++)
You can hurl damnation.
You are powered by pain.
When hurt, damage is shared between your health and your magic reserves.
You regenerate magic rapidly.
When low on magic, you restore magic in place of health.
You are immune to clouds of flame.
When seriously injured, your bleeding wounds create very thick armour. (AC +0)
You have claws for feet.
Scrolls take you longer to read.
You possess an exceptional clarity of mind.
Your system is resistant to poisons. (rPois)
Your muscles are very strong. (Str +4)
Your spells are a little easier to cast, but a little less powerful.


Message History

No target in butt!!!
No butt in view!!!
No target in view!!!
No target in view!!!
No target in view!!!
No target in view!!!
No target in view!!!
No target in view!!!
No target in view!!!
No target in view!!!
No target in view!!!
Unknown command!
(D) Dungeon (T) Temple (L) Lair (A) Shoals (P) Snake Pit (M) Slime Pits (O) Orcish Mines (E) Elven Halls (V) Vaults (C) Crypt (U) Depths (H) Hell (Z) Zot
Where to? (Enter - D:1 @ (x,y), ? - help)
A sun demon comes into view!
There is a staircase leading out of the dungeon here!
You have escaped!!!

#.# #...# #.# ###.###
#...#########.# #.....#
#...#.........#
#.....####.3.#########.#
#........#...# #.#
#........#...# #.#
#......#.#...# #.#
#........#...#########.#
######.##.#.#[#.@.#......##.#
#....)>.......##########.##.#
.....).....(##.# #.##.#
#..######...##.# #.##.# #..#
#...##.# #.##.#
)..######...##.#########.##.#
...##.......................#
...##.####.................##
...##.# #.#####.#######.#.#


You could see a sun demon.

Vanquished Creatures
  the Royal Jelly (Slime:5)
  3 orbs of fire
  3 ancient liches (Zot:5)
  A juggernaut (Depths:5)
  Sojobo (Depths:4)
  Bai Suzhen (Elf:3)
  A curse toe (Zot:3)
  Saint Roka (Snake:3)
  2 Killer Klowns (Zot:5)
  Jory (Vaults:5)
  10 caustic shrikes
  Nikola (Vaults:2)
  8 golden dragons
  2 bone dragons (Depths:5)
  the Enchantress (Depths:3)
  An electric golem (Zot:5)
  Jorgrun (Depths:2)
  A hellephant (Depths:2)
  3 liches
  Rupert (Orc:2)
  9 tentacled monstrosities
  21 Orb Guardians (Zot:5)
  4 quicksilver dragons
  2 deep elf master archers (Elf:3)
  5 titans
  A deep elf blademaster (Elf:3)
  16 acid blobs
  7 sphinxes
  An Executioner (D:6)
  6 death cobs
  2 tentacled starspawn (Abyss:3)
  9 azure jellies
  Donald (Shoals:2)
  8 tengu reavers
  8 shadow dragons
  14 nagarajas
  10 storm dragons
  5 frost giants
  6 draconian scorchers
  3 draconian monks
  2 fire giants
  A daeva (D:11)
  7 vault wardens
  9 deep elf sorcerers
  Aizul (Snake:1)
  An iron dragon (Depths:4)
  A draconian annihilator (Zot:5)
  5 ghost moths
  2 draconian shifters
  2 deep elf elementalists (Elf:3)
  4 draconian stormcallers
  A caustic shrike skeleton (Depths:1)
  26 very ugly things
  3 war gargoyles (Vaults:5)
  26 stone giants
  14 ironheart preservers
  4 spriggan defenders
  A vampire knight (Vaults:3)
  An entropy weaver (Vaults:1)
  5 black draconians
  6 green draconians
  6 red draconians
  9 dire elephants (Depths:2)
  5 deep elf demonologists
  9 deep elf annihilators
  3 spark wasps
  4 white draconians
  3 purple draconians
  3 yellow draconians
  10 deep elf death magi
  16 ettins
  9 fire dragons
  2 merfolk javelineers
  7 death oozes
  9 merfolk impalers
  19 ogre magi
  9 yaktaur captains
  7 deep elf high priests
  10 naga warriors
  Josephine (D:10)
  23 great orbs of eyes
  2 rakshasas
  5 hydras
  A caustic shrike simulacrum (Depths:5)
  2 large abominations
  7 spriggan air magi
  28 vault guards
  2 hell beasts
  5 alligator snapping turtles
  11 ice dragons
  7 anacondas
  5 centaur warriors
  3 merfolk avatars
  A catoblepas (Lair:6)
  3 merfolk aquamancers (Shoals:4)
  11 dancing weapons
  7 deep troll shamans
  3 satyrs
  69 two-headed ogres
  Urug (D:9)
  9 tengu warriors
  3 death knights
  6 deep troll earth magi
  A vampire mage (Depths:3)
  3 shock serpents
  A soul eater (Depths:2)
  The ghost of Azzok the Fighter, a novice GrBe of Trog (D:8)
  8 naga sharpshooters
  18 deep elf knights
  3 sun demons
  A hell knight (Depths:1)
  3 spriggan berserkers
  A shadow wraith (Vaults:3)
  3 sixfirhies
  7 sea snakes
  5 skeletal warriors (D:14)
  2 salamander mystics (Snake:2)
  A shadow demon (Zot:4)
  6 unseen horrors
  5 wizards
  An unseen horror (shapeshifter) (Vaults:2)
  5 iron trolls
  2 naga ritualists
  2 small abominations
  5 glowing orange brains
  7 ironbrand convokers
  32 deep trolls
  A swamp dragon (shapeshifter) (Vaults:5)
  A torturous demonspawn (Depths:2)
  5 flayed ghosts
  A lindwurm (Depths:4)
  11 orc knights
  15 deep elf archers
  3 phantasmal warriors
  16 harpies
  6 necromancers
  A frost giant zombie (Depths:1)
  A mana viper (shapeshifter) (Elf:1)
  A sphinx zombie (Depths:5)
  73 deep elf magi
  6 wolf spiders
  8 cyclopes
  42 ugly things
  6 mana vipers
  42 slime creatures
  10 salamanders
  12 fauns
  An oklob plant (Depths:4)
  3 shining eyes
  An orc sorcerer (D:15)
  10 manticores
  13 moths of wrath
  11 merfolk sirens
  6 elephants
  Joseph (D:10)
  7 guardian serpents
  10 vault sentinels
  38 black mambas
  3 eyes of devastation
  2 rust devils
  19 naga magi
  8 water nymphs
  A centaur zombie (D:15)
  3 gargoyles
  2 orange demons
  7 spiny frogs
  2 smoke demons
  A rime drake (shapeshifter) (Elf:3)
  3 centaur skeletons
  2 kobold demonologists
  A yaktaur (shapeshifter) (Elf:1)
  9 rime drakes
  8 komodo dragons
  A redback zombie (D:15)
  34 yaktaurs
  5 freezing wraiths
  A komodo dragon (shapeshifter) (Depths:2)
  2 tormentors
  A hellwing (Depths:3)
  2 red devils
  2 human skeletons (Vaults:3)
  A golden dragon simulacrum (Depths:2)
  A meliai (shapeshifter) (Vaults:3)
  A troll (shapeshifter) (D:13)
  A merfolk (shapeshifter) (D:15)
  5 ice devils
  7 tengu conjurers
  3 polar bears
  3 meliai (D:15)
  A yaktaur skeleton (Depths:1)
  Grinder (D:5)
  2 jumping spiders (shapeshifter)
  A hornet (shapeshifter) (Vaults:5)
  7 trolls
  A raiju (shapeshifter) (Depths:1)
  4 tyrant leeches (Depths:1)
  A wolf spider simulacrum (D:15)
  6 hornets
  9 blink frogs
  5 wind drakes
  The ghost of Azzok the Fighter, an amateur GrFi (D:3)
  27 merfolk
  4 human simulacra
  A harpy skeleton (D:15)
  11 hippogriffs
  14 snapping turtles
  11 dream sheep
  An ettin zombie (Depths:1)
  A fire giant simulacrum (Vaults:3)
  A redback (Vaults:1)
  2 shadows (D:13)
  A spriggan zombie (Depths:1)
  5 air elementals
  An ettin skeleton (Depths:1)
  36 yaks
  Sigmund (D:4)
  2 tarantellas (Vaults:1)
  8 wraiths
  A yak (shapeshifter) (Vaults:5)
  3 ynoxinuls
  A hog (shapeshifter) (Vaults:3)
  A spriggan (shapeshifter) (Vaults:3)
  A spriggan (Depths:3)
  3 vampires (Vaults:3)
  A wyvern (Lair:4)
  A tarantella (shapeshifter) (Elf:3)
  A fire bat (shapeshifter) (Elf:3)
  18 water elementals
  14 golden eyes
  2 vampire mosquitoes (D:15)
  2 basilisks
  2 chaos spawn
  A hungry ghost (D:11)
  A steam dragon (D:14)
  A yaktaur simulacrum (Vaults:2)
  A fire elemental (Elf:2)
  51 nagas
  2 soldier ants (shapeshifter)
  9 wargs
  2 soldier ants (D:11)
  3 hell hounds (Lair:6)
  2 floating eyes
  19 water moccasins
  3 porcupines
  3 sky beasts
  35 orc warriors
  12 ice beasts
  6 eyes of draining
  A necrophage (D:15)
  2 phantoms
  An ettin simulacrum (Vaults:2)
  22 boggarts
  61 ogres
  13 centaurs
  9 crocodiles
  11 wolves
  4 big kobolds
  14 bullfrogs
  7 earth elementals
  4 scorpions
  3 killer bees (D:13)
  7 wights
  2 electric eels
  16 crimson imps
  4 quasits
  3 bullfrog zombies (D:5)
  An iron imp (Depths:3)
  8 hounds
  15 orc priests
  3 jellies
  20 orc wizards
  4 hell rats (Lair:2)
  6 iguanas
  10 worker ants
  Natasha (thrice) (D:2)
  3 hound zombies
  A hound skeleton (D:6)
  Robin (D:4)
  16 adders
  6 shadow imps
  6 white imps
  5 ufetubi
  An ooze (D:4)
  An adder zombie (D:9)
  3 adder skeletons
  4 worms
  2 worms (shapeshifter)
  A dart slug (D:3)
  4 leopard geckos
  79 orcs
  10 bats
  4 giant cockroaches
  16 goblins
  6 hobgoblins
  7 jackals
  10 quokkas
  3 ball pythons
  5 frilled lizards
  27 kobolds
  A leopard gecko skeleton (D:6)
  4 rats
  2 crawling corpses (Vaults:5)
  7 fungi
  4 plants (Depths:2)
  3 starspawn tentacles (Abyss:3)
2149 creatures vanquished.

Vanquished Creatures (collateral kills)
  A Tzitzimitl (Zot:5)
  A tentacled monstrosity (Depths:4)
  A tengu reaver (Depths:4)
  Ilsuiw (Shoals:4)
  A balrug (Zot:5)
  A cacodemon (Zot:5)
  An entropy weaver (shapeshifter) (Vaults:5)
  A dire elephant (Depths:2)
  A merfolk javelineer (Shoals:4)
  A great orb of eyes (Depths:2)
  A yaktaur captain (Vaults:5)
  A vault guard (Vaults:5)
  A sixfirhy (Zot:5)
  A deep troll (Depths:1)
  Maurice (D:9)
  A merfolk siren (Shoals:4)
  An orange demon (Zot:5)
  2 yaktaurs
  A spriggan skeleton (Depths:2)
  3 merfolk (Shoals:4)
  A water elemental (Depths:4)
  An elf zombie (Depths:2)
  A scorpion (D:9)
  2 orcs
  2 plants (Shoals:4)
30 creatures vanquished.

Vanquished Creatures (others)
  A frost giant (Vaults:3)
  A deep elf sorcerer (Elf:3)
  A draconian knight (Zot:2)
  A vault warden (Vaults:5)
  2 very ugly things (Depths:4)
  2 yaktaur captains
  A rakshasa (Vaults:3)
  2 deep elf knights
  A deep elf archer (Elf:3)
  2 deep elf magi (Elf:3)
  A guardian serpent (Snake:4)
  2 yaktaurs
  A raiju (shapeshifter) (Depths:1)
  A water elemental (Elf:2)
  A naga (Snake:2)
  An orc priest (D:6)
  An orc (Orc:2)
  68 fungi
  38 plants
  3 starspawn tentacles (Abyss:3)
131 creatures vanquished.

Grand Total: 2310 creatures vanquished

Notes
Turn   | Place    | Note
-------+----------+-------------------------------------------
     0 | D:1      | Gorglomux the Demonspawn Fighter began the quest for the Orb.
     0 | D:1      | Reached XP level 1. HP: 18/18 MP: 1/1
   143 | D:1      | Gained mutation: When seriously injured, your bleeding wounds create armour. (AC +0) [demonic ancestry]
   143 | D:1      | Reached XP level 2. HP: 13/24 MP: 2/2
   768 | D:2      | Gained mutation: You have a pair of small horns on your head. [demonic ancestry]
   768 | D:2      | Reached XP level 3. HP: 29/29 MP: 3/3
   811 | D:2      | Noticed Natasha
   817 | D:2      | Killed Natasha
   817 | D:2      | Reached skill level 3 in Armour
   817 | D:2      | Reached skill level 1 in Dodging
   817 | D:2      | Reached skill level 3 in Shields
   974 | D:2      | Noticed Natasha
   985 | D:2      | Killed Natasha
   985 | D:2      | Reached XP level 4. HP: 11/35 MP: 4/4
  1487 | D:2      | Noticed Natasha
  1495 | D:2      | Killed Natasha
  1495 | D:2      | Reached XP level 5. HP: 29/42 MP: 5/5
  1916 | D:3      | Noticed Azzok's ghost (amateur GrFi)
  1941 | D:3      | Gained mutation: You are clumsy. (Dex -2) [potion of mutation]
  1941 | D:3      | Gained mutation: You evolve. [potion of mutation]
  1941 | D:3      | Gained mutation: Your natural rate of healing is unusually fast. [potion of mutation]
  2432 | D:4      | Noticed an ogre
  2441 | D:4      | Killed an ogre
  2441 | D:4      | Reached skill level 4 in Fighting
  2441 | D:4      | Reached skill level 3 in Axes
  2441 | D:4      | Gained mutation: When seriously injured, your bleeding wounds create thick armour. (AC +0) [demonic ancestry]
  2441 | D:4      | Reached XP level 6. HP: 23/48 MP: 6/6
  2738 | D:4      | Noticed Robin
  2748 | D:4      | Killed Robin
  3099 | D:4      | Reached XP level 7. HP: 41/55 MP: 7/7
  3195 | D:4      | Found a sacrificial altar of Ru.
  3211 | D:4      | Noticed Sigmund
  3522 | D:4      | Killed Sigmund
  3522 | D:4      | Reached skill level 3 in Dodging
  3619 | D:5      | Entered Level 5 of the Dungeon
  3809 | D:5      | Reached skill level 5 in Fighting
  3883 | D:5      | Noticed Grinder
  3892 | D:5      | Paralysed by Grinder for 5 turns
  4008 | D:5      | Paralysed by Grinder for 6 turns
  4015 | D:5      | Killed Grinder
  4015 | D:5      | Reached XP level 8. HP: 40/62 MP: 8/8
  4158 | D:5      | Found a staircase to the Ecumenical Temple.
  4366 | Temple   | Entered the Ecumenical Temple
  4488 | Temple   | Became a worshipper of Makhleb the Destroyer
  5455 | D:6      | Reached skill level 6 in Fighting
  5611 | D:6      | Gained mutation: You sometimes gain a little power by taking damage. [demonic ancestry]
  5611 | D:6      | Reached XP level 9. HP: 69/69 MP: 9/9
  6166 | D:7      | Reached * piety under Makhleb
  6182 | D:7      | Gained mutation: Scrolls take you a little longer to read. [evolution]
  6680 | D:8      | Noticed a two-headed ogre
  6742 | D:8      | Reached skill level 6 in Armour
  6742 | D:8      | Reached skill level 6 in Shields
  6848 | D:8      | Found a staircase to the Lair.
  6933 | D:8      | Noticed a two-headed ogre
  6944 | D:8      | Killed a two-headed ogre
  6944 | D:8      | Reached skill level 7 in Fighting
  6944 | D:8      | Reached skill level 6 in Axes
  7102 | D:8      | Noticed Azzok's ghost (novice GrBe)
  7303 | D:8      | Killed a two-headed ogre
  7303 | D:8      | Reached XP level 10. HP: 54/79 MP: 10/10
  7626 | D:9      | Reached ** piety under Makhleb
  7772 | D:9      | Reached skill level 6 in Dodging
  7795 | D:9      | Found a staircase to the Orcish Mines.
  7801 | D:9      | Noticed Maurice
  7814 | D:9      | HP: 1/79 [iguana (8)]
  8225 | D:9      | Found Bajybb's Weapon Emporium.
  8270 | D:9      | Killed Maurice
  8270 | D:9      | Reached skill level 1 in Invocations
  8409 | D:9      | Reached *** piety under Makhleb
  8561 | D:9      | Found a sparkling altar of Nemelex Xobeh.
  8584 | D:9      | Found a basalt altar of Yredelemnul.
  8918 | D:10     | Entered Level 10 of the Dungeon
  8947 | D:10     | Noticed Josephine
  8959 | D:10     | Killed Josephine
  8959 | D:10     | Reached skill level 8 in Fighting
  8959 | D:10     | Reached skill level 3 in Invocations
  9023 | D:10     | Noticed Joseph
  9023 | D:10     | Noticed Urug
  9147 | D:9      | Killed Urug
  9147 | D:9      | Gained mutation: When hurt, damage is shared between your health and your magic reserves. [demonic ancestry]
  9147 | D:9      | Reached XP level 11. HP: 37/86 MP: 0/13
  9248 | D:10     | Killed Joseph
  9558 | D:10     | Gained mutation: You have sharp toenails. [evolution]
  9611 | D:10     | Noticed a two-headed ogre
  9625 | D:10     | Killed a two-headed ogre
  9841 | D:11     | Noticed a two-headed ogre
  9841 | D:11     | Noticed a seven-headed hydra
  9849 | D:10     | Killed a two-headed ogre
  9899 | D:11     | Noticed a two-headed ogre
  9906 | D:11     | Killed a two-headed ogre
  9985 | D:11     | Killed a seven-headed hydra
 10131 | D:11     | Found a sacrificial altar of Ru.
 10158 | D:11     | Reached **** piety under Makhleb
 10277 | D:11     | Killed an unseen horror
 10408 | D:11     | Lost mutation: You are clumsy. (Dex -2) [evolution]
 10579 | D:11     | Reached skill level 9 in Fighting
 10922 | D:8      | Killed Azzok's ghost
 10938 | Lair:1   | Entered Level 1 of the Lair of Beasts
 11036 | Lair:1   | Gained mutation: You have a pair of horns on your head. [demonic ancestry]
 11036 | Lair:1   | Reached XP level 12. HP: 72/95 MP: 9/15
 11166 | Lair:1   | Reached skill level 9 in Axes
 11257 | Lair:1   | Found a labyrinth entrance.
 12468 | Lair:3   | Reached ***** piety under Makhleb
 12541 | Lair:3   | Found a staircase to the Snake Pit.
 13168 | Lair:3   | Found a staircase to the Shoals.
 13215 | Lair:3   | Gained mutation: Your magical capacity is low. (-10% MP) [evolution]
 13283 | Lair:4   | Noticed a five-headed hydra
 13296 | Lair:4   | Killed a nine-headed hydra
 13354 | Lair:4   | Reached skill level 12 in Axes
 13522 | Lair:4   | Gained mutation: You regenerate magic rapidly. [demonic ancestry]
 13522 | Lair:4   | Reached XP level 13. HP: 101/101 MP: 11/14
 13536 | Lair:4   | Found a radiant altar of Vehumet.
 14176 | Lair:5   | Found a staircase to the Slime Pits.
 14422 | Lair:5   | Gained mutation: You are clumsy. (Dex -2) [evolution]
 14880 | Lair:6   | Entered Level 6 of the Lair of Beasts
 14902 | Lair:6   | Reached skill level 9 in Shields
 14909 | Lair:6   | Reached skill level 9 in Armour
 15089 | Lair:6   | Reached skill level 10 in Fighting
 15380 | Lair:6   | Reached ****** piety under Makhleb
 15457 | Lair:6   | Reached skill level 9 in Dodging
 15583 | Lair:6   | Found a burning altar of Makhleb.
 15996 | Lair:6   | Found a gateway to Hell.
 16538 | D:12     | Gained mutation: You have a pair of large horns on your head. [demonic ancestry]
 16538 | D:12     | Reached XP level 14. HP: 111/111 MP: 15/15
 17332 | D:13     | Got a translucent bone ring
 17362 | D:13     | Identified the ring "Ceishuic" {*Tele MR+ Int+3 Dex+3} (You found it on level 13 of the Dungeon)
 17674 | D:13     | Found a gate to the Vaults.
 17992 | D:14     | Reached skill level 11 in Fighting
 18155 | D:14     | Found Puguet's Armour Emporium.
 18159 | D:14     | Bought the +10 plate armour "Opiacaze" {rN+} for 926 gold pieces
 18719 | D:15     | Entered Level 15 of the Dungeon
 19578 | D:15     | Found a staircase to the Depths.
 19658 | D:13     | Lost mutation: Scrolls take you a little longer to read. [evolution]
 19755 | Orc:1    | Entered Level 1 of the Orcish Mines
 19926 | Orc:2    | Entered Level 2 of the Orcish Mines
 20008 | Orc:2    | Reached XP level 15. HP: 115/119 MP: 14/16
 20282 | Orc:2    | Found Sutusyli's Antique Armour Boutique.
 20282 | Orc:2    | Found Gisaibeic's Weapon Emporium.
 20286 | Orc:2    | Found Oshasygu's Assorted Antiques.
 20286 | Orc:2    | Found Biegh's Weapon Shop.
 20291 | Orc:2    | Reached skill level 12 in Fighting
 20332 | Orc:2    | Bought an embroidered scarf for 200 gold pieces
 20337 | Orc:2    | Noticed Rupert
 20338 | Orc:2    | Paralysed by Rupert for 5 turns
 20347 | Orc:2    | Killed Rupert
 20371 | Orc:2    | Bought a potion of agility for 128 gold pieces
 20371 | Orc:2    | Bought a scroll of magic mapping for 112 gold pieces
 20371 | Orc:2    | Bought a scroll of teleportation for 96 gold pieces
 20371 | Orc:2    | Bought a scroll of identify for 64 gold pieces
 20665 | Orc:2    | Found a staircase to the Elven Halls.
 20939 | Snake:1  | Entered Level 1 of the Snake Pit
 21113 | Snake:1  | Noticed Aizul
 21128 | Snake:1  | Killed Aizul
 21908 | Snake:2  | Reached XP level 16. HP: 129/129 MP: 17/17
 22142 | Snake:3  | Reached skill level 15 in Axes
 22352 | Snake:3  | Noticed Saint Roka
 22379 | Snake:3  | Killed Saint Roka
 22719 | Snake:3  | Found a blossoming altar of Fedhas.
 23137 | Snake:4  | Entered Level 4 of the Snake Pit
 23944 | Snake:4  | Gained mutation: When seriously injured, your bleeding wounds create very thick armour. (AC +0) [demonic ancestry]
 23944 | Snake:4  | Reached XP level 17. HP: 71/135 MP: 18/18
 23965 | Snake:4  | Reached skill level 18 in Axes
 24010 | Snake:4  | Got a serpentine rune of Zot
 24185 | Shoals:1 | Entered Level 1 of the Shoals
 24309 | Shoals:1 | Reached skill level 6 in Invocations
 24937 | Shoals:2 | Reached skill level 9 in Invocations
 25037 | Shoals:2 | Noticed Donald
 25055 | Shoals:2 | Killed Donald
 25746 | Shoals:3 | Reached skill level 12 in Invocations
 25832 | Shoals:3 | Reached skill level 1 in Evocations
 25999 | Shoals:3 | Reached skill level 3 in Evocations
 26273 | Shoals:4 | Entered Level 4 of the Shoals
 26433 | Shoals:4 | Gained mutation: You possess an exceptional clarity of mind. [evolution]
 26433 | Shoals:4 | Lost mutation: You evolve. [end of evolution]
 26482 | Shoals:4 | Gained mutation: Your flesh is heat resistant. (rF+) [demonic ancestry]
 26482 | Shoals:4 | Reached XP level 18. HP: 141/141 MP: 14/24
 26511 | Shoals:4 | Noticed Ilsuiw
 26536 | Shoals:4 | Killed Ilsuiw
 26546 | Shoals:4 | Reached skill level 6 in Evocations
 26633 | Shoals:4 | Found Ytuobatho's Antique Armour Boutique.
 27629 | Vaults:1 | Entered Level 1 of the Vaults
 27747 | Vaults:1 | Reached skill level 15 in Invocations
 28308 | Vaults:1 | Reached skill level 12 in Shields
 28530 | Vaults:1 | Reached skill level 12 in Armour
 28578 | Vaults:1 | Reached skill level 13 in Fighting
 28907 | Vaults:2 | Reached skill level 12 in Dodging
 28908 | Vaults:2 | Gained mutation: You are immune to clouds of flame. [demonic ancestry]
 28908 | Vaults:2 | Reached XP level 19. HP: 149/149 MP: 21/27
 29285 | Vaults:2 | Noticed Nikola
 29297 | Vaults:2 | Killed Nikola
 29616 | Vaults:2 | Found Izi Nyn's Weapon Shoppe.
 30452 | Vaults:3 | Reached skill level 14 in Fighting
 31144 | Vaults:3 | Reached XP level 20. HP: 160/160 MP: 28/28
 31386 | Vaults:3 | Found a staircase to the Crypt.
 32987 | Depths:1 | Entered Level 1 of the Depths
 33029 | Depths:1 | Paralysed by a sphinx for 7 turns
 33493 | Depths:1 | Reached skill level 15 in Fighting
 33535 | Depths:1 | Identified the +1 pair of gloves of Discretion {+Inv MP+9} (You found it on level 1 of the Depths)
 33971 | Depths:1 | Found Tiagou Aptuo's Antique Armour Boutique.
 34397 | Depths:2 | Reached XP level 21. HP: 85/169 MP: 20/29
 34535 | Depths:2 | Noticed Jorgrun
 34550 | Depths:2 | Killed Jorgrun
 35064 | Depths:2 | Found Cedy's Weapon Emporium.
 35338 | Depths:2 | Found a one-way gate leading to the halls of Pandemonium.
 35587 | Depths:3 | Reached skill level 16 in Fighting
 35760 | Depths:3 | Reached skill level 15 in Shields
 35777 | Depths:3 | Reached skill level 15 in Armour
 35995 | Depths:3 | Noticed the Enchantress
 36162 | Depths:3 | Reached skill level 15 in Dodging
 36169 | Depths:3 | Killed the Enchantress
 36471 | Depths:3 | Gained mutation: You sometimes gain power by taking damage. [demonic ancestry]
 36471 | Depths:3 | Reached XP level 22. HP: 179/179 MP: 29/29
 36501 | Depths:3 | Paralysed by a floating eye for 4 turns
 36919 | Depths:4 | Noticed Sojobo
 36955 | Depths:4 | Killed Sojobo
 37329 | Depths:4 | Found a corrupted altar of Lugonu.
 37329 | Depths:4 | Found a one-way gate to the infinite horrors of the Abyss.
 37353 | Depths:4 | Found a gateway to a ziggurat.
 37766 | Depths:5 | Entered Level 5 of the Depths
 37766 | Depths:5 | Noticed a caustic shrike
 37766 | Depths:5 | Noticed a caustic shrike
 37766 | Depths:5 | Noticed a caustic shrike
 37766 | Depths:5 | Noticed a caustic shrike
 37768 | Depths:5 | Noticed a caustic shrike
 37783 | Depths:4 | Killed a caustic shrike
 37789 | Depths:4 | Killed a caustic shrike
 37827 | Depths:4 | Killed a caustic shrike
 37827 | Depths:4 | Reached skill level 17 in Fighting
 37839 | Depths:4 | Killed a caustic shrike
 37851 | Depths:4 | Killed a caustic shrike
 38023 | Depths:5 | Noticed a caustic shrike
 38024 | Depths:5 | Noticed a caustic shrike
 38024 | Depths:5 | Noticed a caustic shrike
 38024 | Depths:5 | Noticed a caustic shrike
 38025 | Depths:5 | Noticed a caustic shrike
 38214 | Depths:4 | Killed a caustic shrike
 38214 | Depths:4 | Killed a caustic shrike
 38215 | Depths:4 | Killed a caustic shrike
 38262 | Depths:5 | Killed a caustic shrike
 38312 | Depths:5 | Noticed a golden dragon
 38326 | Depths:5 | Killed a golden dragon
 38331 | Depths:5 | Killed a caustic shrike
 38434 | Depths:5 | Gained mutation: You can hurl damnation. [demonic ancestry]
 38434 | Depths:5 | Reached XP level 23. HP: 188/188 MP: 27/30
 38607 | Depths:5 | Noticed a juggernaut
 38641 | Depths:5 | Killed a juggernaut
 38758 | Depths:5 | Found a gate to the Realm of Zot.
 39387 | Vaults:5 | Entered Level 5 of the Vaults
 39556 | Vaults:5 | Reached skill level 18 in Fighting
 40159 | Vaults:5 | Gained mutation: You are powered by pain. [demonic ancestry]
 40159 | Vaults:5 | Reached XP level 24. HP: 199/199 MP: 30/30
 40344 | Vaults:5 | Noticed Jory
 40360 | Vaults:5 | Killed Jory
 40430 | Vaults:5 | Got a silver rune of Zot
 40571 | Vaults:5 | Identified the cursed ring "Anabrir" {+Fly Int-3} (You found it on level 5 of the Vaults)
 40765 | Vaults:5 | Identified the ring of Nouqok {+Inv MP+9 Slay+3} (You took it off a deep elf death mage on level 5 of the Vaults)
 41336 | Elf:1    | Entered Level 1 of the Elven Halls
 41409 | Elf:1    | Found Ruvvin's Food Shoppe.
 42731 | Elf:2    | Found a runed gate.
 42731 | Elf:2    | Found a runed gate.
 42731 | Elf:2    | Found a runed gate.
 42752 | Elf:3    | Entered Level 3 of the Elven Halls
 42768 | Elf:3    | Found Dove's Distillery.
 42768 | Elf:3    | Noticed Bai Suzhen
 42821 | Elf:3    | Killed Bai Suzhen
 42821 | Elf:3    | Reached skill level 19 in Fighting
 42910 | Elf:3    | Bought a potion of heal wounds for 90 gold pieces
 42910 | Elf:3    | Bought a potion of haste for 180 gold pieces
 42910 | Elf:3    | Bought a potion of haste for 180 gold pieces
 42910 | Elf:3    | Bought a potion of might for 72 gold pieces
 43262 | Elf:3    | Cast into level 3 of the Abyss (a deep elf sorcerer)
 43293 | Abyss:3  | Gained mutation: You are dopey. (Int -2) [a shining eye]
 43367 | Elf:3    | Escaped the Abyss
 43606 | Elf:3    | Gained mutation: When low on magic, you restore magic in place of health. [demonic ancestry]
 43606 | Elf:3    | Reached XP level 25. HP: 166/208 MP: 26/31
 43647 | Elf:3    | Reached skill level 18 in Shields
 43750 | Elf:3    | Identified Gipsedd's Papyrus of Helpful Earth
 43760 | Elf:3    | Identified the +7 plate armour of Muttered Phrases {rPois MR- Dex+4 Slay+3} (You found it on level 3 of the Elven Halls)
 43799 | Elf:3    | Identified the Tome of Dusty Evil Rites
 44195 | Slime:1  | Entered Level 1 of the Pits of Slime
 44217 | Slime:1  | Gained mutation: Scrolls take you a little longer to read. [a shining eye]
 44218 | Slime:1  | Gained mutation: You are weak. (Str -2) [a shining eye]
 44220 | Slime:1  | Gained mutation: Your flesh is cold resistant. (rC+) [a shining eye]
 44238 | Slime:2  | Reached skill level 18 in Armour
 44331 | Slime:5  | Entered Level 5 of the Pits of Slime
 44356 | Slime:5  | Found a viscous altar of Jiyva.
 44357 | Slime:5  | Noticed the Royal Jelly
 44364 | Slime:5  | Reached skill level 18 in Dodging
 44381 | Slime:5  | Killed the Royal Jelly
 44420 | Slime:5  | Gained mutation: Your magical capacity is very low. (-20% MP) [a shining eye]
 44421 | Slime:5  | Gained mutation: You expend magic power (3 MP) to strengthen your wands. [a shining eye]
 44424 | Slime:5  | Lost mutation: You are weak. (Str -2) [potion of mutation]
 44424 | Slime:5  | Lost mutation: You expend magic power (3 MP) to strengthen your wands. [potion of mutation]
 44424 | Slime:5  | Gained mutation: You have razor-sharp toenails. [potion of mutation]
 44424 | Slime:5  | Gained mutation: Your system is resistant to poisons. (rPois) [potion of mutation]
 44425 | Slime:5  | Lost mutation: You are dopey. (Int -2) [potion of mutation]
 44425 | Slime:5  | Lost mutation: Your flesh is cold resistant. (rC+) [potion of mutation]
 44425 | Slime:5  | Lost mutation: Your magical capacity is very low. (-20% MP) [potion of mutation]
 44425 | Slime:5  | Lost mutation: Your natural rate of healing is unusually fast. [potion of mutation]
 44425 | Slime:5  | Gained mutation: Your muscles are strong. (Str +2) [potion of mutation]
 44425 | Slime:5  | Gained mutation: You are frail. (-10% HP) [potion of mutation]
 44425 | Slime:5  | Gained mutation: Your muscles are very strong. (Str +4) [potion of mutation]
 44426 | Slime:5  | Lost mutation: You possess an exceptional clarity of mind. [potion of mutation]
 44426 | Slime:5  | Lost mutation: You are clumsy. (Dex -2) [potion of mutation]
 44426 | Slime:5  | Lost mutation: You are frail. (-10% HP) [potion of mutation]
 44426 | Slime:5  | Lost mutation: Your magical capacity is low. (-10% MP) [potion of mutation]
 44426 | Slime:5  | Gained mutation: You possess an exceptional clarity of mind. [potion of mutation]
 44426 | Slime:5  | Gained mutation: Your body sometimes deteriorates upon taking damage. [potion of mutation]
 44426 | Slime:5  | Lost mutation: Your body sometimes deteriorates upon taking damage. [potion of mutation]
 44426 | Slime:5  | Gained mutation: Your flesh is cold resistant. (rC+) [potion of mutation]
 44427 | Slime:5  | Lost mutation: Your flesh is cold resistant. (rC+) [potion of mutation]
 44427 | Slime:5  | Lost mutation: Scrolls take you a little longer to read. [potion of mutation]
 44427 | Slime:5  | Gained mutation: You have claws for feet. [potion of mutation]
 44427 | Slime:5  | Gained mutation: Your flesh is very heat resistant. (rF++) [potion of mutation]
 44533 | Slime:5  | Got a slimy rune of Zot
 44950 | Zot:1    | Entered Level 1 of the Realm of Zot
 44952 | Zot:1    | Noticed an orb of fire
 45045 | Depths:5 | Gained mutation: You are frail. (-10% HP) [an orb of fire]
 45046 | Depths:5 | Killed an orb of fire
 45153 | Zot:1    | Found a transporter.
 45195 | Zot:1    | Found the +0 mask of the Dragon {MR+ Slay+3 SInv}
 45197 | Zot:1    | Lost mutation: You are frail. (-10% HP) [a Zot trap]
 45301 | Zot:1    | Found a transporter.
 45325 | Zot:1    | Identified the cursed +0 pair of boots of Disaster {+Fly MR+ Regen+} (You found it on level 1 of the Realm of Zot)
 45330 | Zot:1    | Got a bound silver ring
 45331 | Zot:1    | Identified the ring of Isephoku {+Inv rF+ rN++ Str+4 Stlth-} (You found it on level 1 of the Realm of Zot)
 45689 | Zot:4    | Reached skill level 20 in Fighting
 45689 | Zot:4    | Reached skill level 18 in Invocations
 45753 | Zot:4    | Reached XP level 26. HP: 218/218 MP: 32/36
 45807 | Zot:5    | Entered Level 5 of the Realm of Zot
 46216 | Zot:5    | Noticed an ancient lich
 46226 | Zot:5    | Killed an ancient lich
 46237 | Zot:5    | Noticed an ancient lich
 46248 | Zot:5    | Noticed an orb of fire
 46250 | Zot:5    | Killed an ancient lich
 46253 | Zot:5    | Gained mutation: Scrolls take you a little longer to read. [an orb of fire]
 46260 | Zot:5    | Gained mutation: Scrolls take you longer to read. [an orb of fire]
 46261 | Zot:5    | Killed an orb of fire
 46265 | Zot:5    | Noticed an ancient lich
 46274 | Zot:5    | Killed an ancient lich
 46296 | Zot:5    | Noticed an orb of fire
 46308 | Zot:5    | Gained mutation: Your spells are a little easier to cast, but a little less powerful. [an orb of fire]
 46309 | Zot:5    | Killed an orb of fire
 46371 | Zot:5    | Got the Orb of Zot
 46376 | Zot:5    | Noticed Eluorr the pandemonium lord
 46550 | Zot:2    | Noticed Qepiadwi the pandemonium lord
 46555 | Zot:2    | Noticed Raagiaw the pandemonium lord
 46643 | Depths:2 | Noticed Jifesch the pandemonium lord
 47036 | D:3      | Killed Azzok's ghost
 47100 | D:$      | Escaped with the Orb!

Vault maps used:
D:1:      wheals_arrival_shading
D:2:      grunt_decor_cap, kennysheep_path_1, minmay_pentomino_x4, uniq_natasha
D:3:      marbit_many_paths
D:4:      kennysheep_mini, first_ration, minmay_snake_closets, uniq_sigmund,
          uniq_robin
D:5:      temple_statues, uniq_grinder
D:6:      minmay_misc_feat_hallway
D:8:      dpeg_oklobed_lair
D:9:      kennysheep_mini_moat, lemuel_crystal_altar, david_orc_2, serial_shops,
          nicolae_shop_stone, uniq_maurice
D:10:     uniq_joseph, uniq_josephine, uniq_urug
D:11:     hangedman_pestilent_swarm, hangedman_ru_absence
D:13:     erik_vaults_1
D:14:     serial_shops, nicolae_shop_statue_plus,
          minmay_staircase_windowed_small
D:15:     grunt_enter_depths_magical_seal
Temple:   regret_index_temple_mists
Lair:1:   lab_entry_generic, lemuel_fruit_tree
Lair:2:   serial_bayou_shore_b
Lair:3:   elwin_shoals_entry_rooms
Lair:4:   basic_altar, infiniplex_staircase_pool
Lair:5:   slime_dummy
Lair:6:   evil_forest, ice2_lemuel, grunt_megastairs_5
Shoals:2: uniq_donald
Shoals:4: shoals_end_grunt_ice, shoal_ilsuiw, serial_shops, shop_statue,
          uniq_ilsuiw
Snake:1:  special_room, uniq_aizul
Snake:3:  basic_altar, uniq_saint_roka
Snake:4:  snake_hunt, st_stairs_9
Slime:1:  nicolae_slime_jelly_donut
Orc:2:    st_orc_ogre_mass, uniq_rupert
Elf:1:    serial_shops, shop, minmay_elf_crystal_heptagon
Elf:3:    minmay_elf_hall_spiked, serial_shops, nicolae_shop_waterfront,
          spider_trap, uniq_bai_suzhen
Vaults:1: nicolae_vaults_diagonal_hallway_6, v_misc_2, grunt_vaults_trifunnel,
          v_alt_pattern_6, vaults_room_grunt_arrival_checkpoint, kb_rosetta,
          hangedman_vaults_trim, vaults_room_stairs_pillars,
          hangedman_vaults_hat, vaults_room_door_ring, vaults_dpeg_diagonal,
          vaults_room_fancy_cross
Vaults:2: grunt_vaults_hallway_long, grunt_vaults_twisty,
          nicolae_vaults_network_quinsquares, hangedman_vaults_cutoff,
          v_alt_pattern_3, ontoclasm_vaults_hangar, serial_shops, shop,
          uniq_nikola
Vaults:3: st_eye, v_misc_13, v_misc_2, hangedman_vaults_variations,
          ontoclasm_vaults_twist, grunt_vaults_hallway_short,
          vaults_standard_mumra_x, vaults_mumra_lcd,
          minmay_crypt_entry_vampire_xt, v_rooms_1, v_rooms_3,
          nicolae_vaults_big_ls, nicolae_vaults_little_squares_4, v_misc_14
Vaults:4: vaults_room_grid, v_misc_25, dpeg_vaults_monster_row, v_misc_10,
          grunt_vaults_funnel, grunt_vaults_bifocal, v_misc_15,
          nicolae_vaults_mini_display_case
Vaults:5: serial_shops, uniq_jory
Depths:1: hell_entry, serial_shops, nicolae_shop_waterfront,
          minmay_misc_feat_more_columns, hangedman_stitches_earthworm,
          kennysheep_random_hallway
Depths:2: mu_elephants_graveyard, hell_entry, serial_shops, nicolae_shop_trees,
          grunt_pan_entry_spiral, hangedman_abyss_or_decor_stabs,
          infiniplex_staircase_zigzag_2, uniq_jorgrun
Depths:3: kennysheep_blocky_hall, grunt_pan_entry_in_and_out,
          hangedman_coc_ice_floe, special_room, minivault_11,
          infiniplex_staircase_pool_2, uniq_enchantress
Depths:4: gold_lair_mu, enter_ziggurat_a, grunt_hell_entry_dis_old,
          abyss_entry_flame_altar, serial_bayou_shore_a, uniq_sojobo
Depths:5: evilmike_zot_entry_diamond, minmay_crystal_water, grunt_mini_vestibule
Zot:1:    chequers_guarded_unrand_mask_of_the_dragon
Zot:4:    st_stairs_7
Zot:5:    bh_zot_lava_cross
Abyss:3:  hangedman_eye_storm, nicolae_abyss_rune_left_handed

Skill      XL: |  1  2  3  4  5  6  7  8  9 10 11 12 13 14 15 16 17 18 19 20 21 22 23 24 25 26 |
---------------+-------------------------------------------------------------------------------+-----
Axes           | 2 3 4 5 6 7 8 12 13 14 17 18 | 18.0
Armour         | 3 4 5 6 7 8 9 10 11 12 13 14 15 16 17 18 19 | 19.3
Dodging        | 1 2 3 4 5 6 8 9 10 11 12 13 14 15 16 17 18 19 | 19.2
Shields        | 3 4 5 6 7 8 9 10 11 12 13 14 15 16 17 18 19 | 19.4
Fighting       | 4 5 6 7 8 9 10 11 12 13 14 15 16 17 18 19 20 | 20.7
Invocations    | 3 4 12 15 16 18 19 | 19.5
Evocations     | 5 6 |  6.0

Action                   |  1- 3 |  4- 6 |  7- 9 | 10-12 | 13-15 | 16-18 | 19-21 | 22-24 | 25-27 || total
-------------------------+-------+-------+-------+-------+-------+-------+-------+-------+-------++-------
Melee: War axe           |   130 |   261 |   453 |   386 |       |       |       |       |       ||  1230
       Headbutt          |     8 |    37 |    84 |   173 |   234 |   310 |   444 |   388 |   224 ||  1902
       Broad axe         |       |       |       |   430 |  1100 |  1527 |  1611 |  1505 |   680 ||  6853
       Kick              |       |       |       |   191 |   342 |   530 |   685 |   491 |   284 ||  2523
Throw: Throwing net      |       |       |       |       |       |       |       |       |     2 ||     2
Invok: Minor Destruction |       |       |       |    19 |    34 |     7 |       |       |       ||    60
       Lesser Servant of |       |       |       |       |     1 |       |     1 |       |       ||     2
       Greater Servant o |       |       |       |       |       |     1 |     2 |     6 |     2 ||    11
Evoke: Wand              |       |       |     9 |    12 |     1 |     2 |     1 |     9 |     3 ||    37
       Lamp of fire      |       |       |       |       |       |     1 |     3 |     1 |     1 ||     6
  Use: Potion            |     1 |     1 |       |     1 |     1 |       |     5 |     3 |    11 ||    23
       Scroll            |       |     1 |     1 |    18 |    17 |     5 |    12 |    14 |    11 ||    79
 Stab: Petrified         |       |       |       |       |     3 |       |       |       |       ||     3
       Petrifying        |       |       |       |       |     1 |       |       |       |       ||     1
       Invisible         |       |       |       |       |       |       |     9 |    10 |       ||    19
       Distracted        |       |       |       |       |       |       |     6 |     6 |       ||    12
       Held in net/web   |       |       |       |       |       |       |       |       |     1 ||     1
  Eat: Chunk             |     1 |     7 |    15 |    24 |    26 |    25 |    24 |    14 |     1 ||   137
       Ration            |       |       |       |       |     1 |       |     1 |     3 |     5 ||    10
Armor: Scale mail        |    38 |       |       |       |       |       |       |       |       ||    38
       Chain mail        |    76 |   155 |   211 |   289 |   264 |       |       |       |       ||   995
       Skin              |       |     3 |       |       |       |       |       |       |       ||     3
       Plate armour      |       |       |       |       |   196 |   574 |   635 |   504 |   239 ||  2148
Dodge: Dodged            |    49 |    78 |   119 |   573 |   703 |   559 |   464 |   410 |   283 ||  3238
Block: Shield            |    75 |   141 |   248 |   712 |   911 |  1028 |   336 |       |       ||  3451
       Large shield      |       |       |       |       |       |       |   900 |  1484 |   716 ||  3100
       Reflection        |       |       |       |       |       |       |       |    32 |       ||    32

Table legend:
 A = Spawn XP
 B = Non-spawn XP
 C = Spawn XP percentage of total XP
 D = Spawn monster count
 E = Non-spawn monster count
 F = Spawn count percentage of total count
 G = Total turns spent on level
                    A         B        C        D         E        F      G
               +---------+---------+-------+---------+---------+-------+---------
         Total |    5257 | 1476074 |   0.4 |       4 |    2140 |   0.2 | 47100
               +---------+---------+-------+---------+---------+-------+---------
           D:1 |       0 |      33 |   0.0 |       0 |      20 |   0.0 |   730
           D:2 |       0 |     176 |   0.0 |       0 |      25 |   0.0 |  1133
           D:3 |       0 |     327 |   0.0 |       0 |      22 |   0.0 |   800
           D:4 |       0 |     711 |   0.0 |       0 |      32 |   0.0 |  1113
           D:5 |       0 |    1115 |   0.0 |       0 |      24 |   0.0 |  1145
           D:6 |       0 |     754 |   0.0 |       0 |      17 |   0.0 |  1132
           D:7 |       0 |     777 |   0.0 |       0 |      14 |   0.0 |   783
           D:8 |       0 |    3494 |   0.0 |       0 |      19 |   0.0 |  1109
           D:9 |       0 |    3771 |   0.0 |       0 |      52 |   0.0 |  1444
          D:10 |       0 |    4227 |   0.0 |       0 |      18 |   0.0 |   991
          D:11 |       0 |    5530 |   0.0 |       0 |      24 |   0.0 |  1137
          D:12 |       0 |    6306 |   0.0 |       0 |      35 |   0.0 |  1041
          D:13 |       0 |    6337 |   0.0 |       0 |      27 |   0.0 |   805
          D:14 |       0 |    5303 |   0.0 |       0 |      20 |   0.0 |   938
          D:15 |       0 |   22122 |   0.0 |       0 |      57 |   0.0 |  1276
        Lair:1 |       0 |    4930 |   0.0 |       0 |      23 |   0.0 |   914
        Lair:2 |       0 |    1918 |   0.0 |       0 |      15 |   0.0 |   873
        Lair:3 |       0 |    5267 |   0.0 |       0 |      19 |   0.0 |   928
        Lair:4 |       0 |    5785 |   0.0 |       0 |      23 |   0.0 |   926
        Lair:5 |       0 |    3228 |   0.0 |       0 |      12 |   0.0 |   758
        Lair:6 |       0 |   20768 |   0.0 |       0 |      74 |   0.0 |  1171
      Shoals:1 |       0 |   16246 |   0.0 |       0 |      35 |   0.0 |   800
      Shoals:2 |       0 |   13115 |   0.0 |       0 |      23 |   0.0 |   690
      Shoals:3 |       0 |   16444 |   0.0 |       0 |      32 |   0.0 |   663
      Shoals:4 |       0 |   36508 |   0.0 |       0 |      65 |   0.0 |  1081
       Snake:1 |       0 |   16452 |   0.0 |       0 |      31 |   0.0 |   654
       Snake:2 |       0 |   14775 |   0.0 |       0 |      30 |   0.0 |   559
       Snake:3 |       0 |   24318 |   0.0 |       0 |      45 |   0.0 |  1107
       Snake:4 |       0 |   49619 |   0.0 |       0 |      76 |   0.0 |   894
       Slime:1 |       0 |    2895 |   0.0 |       0 |       3 |   0.0 |    35
       Slime:2 |       0 |    2596 |   0.0 |       0 |       5 |   0.0 |    26
       Slime:3 |       0 |   10900 |   0.0 |       0 |      13 |   0.0 |    54
       Slime:4 |       0 |    6326 |   0.0 |       0 |      11 |   0.0 |    43
       Slime:5 |       0 |   29844 |   0.0 |       0 |      21 |   0.0 |   230
         Orc:1 |       0 |    1215 |   0.0 |       0 |      23 |   0.0 |   201
         Orc:2 |       0 |   24536 |   0.0 |       0 |      62 |   0.0 |  1021
         Elf:1 |       0 |   14683 |   0.0 |       0 |      24 |   0.0 |   838
         Elf:2 |       0 |   26503 |   0.0 |       0 |      44 |   0.0 |   615
         Elf:3 |       0 |   66926 |   0.0 |       0 |      69 |   0.0 |  1105
      Vaults:1 |       0 |   57973 |   0.0 |       0 |     111 |   0.0 |  1451
      Vaults:2 |       0 |   41192 |   0.0 |       0 |      60 |   0.0 |  1372
      Vaults:3 |       0 |   66062 |   0.0 |       0 |      95 |   0.0 |  1592
      Vaults:4 |       0 |   24436 |   0.0 |       0 |      37 |   0.0 |  1214
      Vaults:5 |       0 |  169055 |   0.0 |       0 |     147 |   0.0 |  1609
      Depths:1 |       0 |   72184 |   0.0 |       0 |     101 |   0.0 |  1334
      Depths:2 |       0 |   59304 |   0.0 |       0 |      84 |   0.0 |  1213
      Depths:3 |       0 |   81966 |   0.0 |       0 |      96 |   0.0 |  1449
      Depths:4 |       0 |   78979 |   0.0 |       0 |      51 |   0.0 |  1240
      Depths:5 |       0 |   81155 |   0.0 |       0 |      48 |   0.0 |  1062
         Zot:1 |       0 |   51979 |   0.0 |       0 |      26 |   0.0 |   402
         Zot:2 |       0 |   22996 |   0.0 |       0 |      17 |   0.0 |   121
         Zot:3 |       0 |   12077 |   0.0 |       0 |       6 |   0.0 |   208
         Zot:4 |       0 |   18659 |   0.0 |       0 |      11 |   0.0 |   165
         Zot:5 |       0 |  154374 |   0.0 |       0 |      54 |   0.0 |   656
       Abyss:3 |    5257 |    6903 |  43.2 |       4 |      12 |  25.0 |   105
               +---------+---------+-------+---------+---------+-------+---------
